 Dungeon Crawl Stone Soup version 0.26-a0-651-gb41185065b (webtiles) character file.

Game seed: 14371970558562805709

96 Irenicus the Digger (level 4, 30/36 HPs)
             Began as a Deep Dwarf Earth Elementalist on Oct 20, 2020.
             Quit the game on level 2 of the Dungeon.
             The game lasted 00:05:17 (1021 turns).

Irenicus the Digger (Deep Dwarf Earth Elementalist) Turns: 1021, Time: 00:05:18

Health: 30/36      AC:  5    Str: 10 (12) XL:     4   Next: 41%
Magic:  4/6        EV: 12    Int: 15 (16) God:
Gold:   118        SH:  0    Dex: 11 (13) Spells: 5/6 levels left

rFire    . . .     SeeInvis .   f - +0 dagger
rCold    . . .     Faith    .   (no shield)
rNeg     . . .     Spirit   .   g - +0 leather armour
rPois    +         Reflect  .   (no helmet)
rElec    .         Harm     .   (no cloak)
rCorr    .         Rampage  .   n - +1 pair of gloves
MR       .....                  (no boots)
Stlth    ++........             (no amulet)
HPRegen  0.00/turn              d - ring of poison resistance {rPois, !d}
MPRegen  0.10/turn              (no ring)

@: non-regenerating
A: damage resistance, heal wounds, sense surroundings 1, no regeneration
a: Heal Wounds


You were on level 2 of the Dungeon.
You visited 1 branch of the dungeon, and saw 2 of its levels.

You collected 118 gold pieces.

Inventory:

Hand Weapons
 f - a +0 dagger (weapon)
   (You found it on level 1 of the Dungeon)
Missiles
 b - a stone (quivered)
Armour
 g - a +0 leather armour (worn)
   (You found it on level 1 of the Dungeon)
 n - a +1 pair of gloves (worn)
   (You found it on level 2 of the Dungeon)
Jewellery
 d - a ring of poison resistance (left hand) {rPois, !d}
   (You found it on level 1 of the Dungeon)
Scrolls
 c - a scroll of amnesia {unknown}
 h - a scroll of remove curse {unknown}
 l - 3 scrolls of teleportation {unknown}
 m - a scroll of fog {unknown}
 p - a scroll of blinking {unknown}
Potions
 a - a potion of lignification {!q}


   Skills:
 - Level 2.1 Dodging
 - Level 2.4 Stealth
 - Level 1.7 Spellcasting
   Level 0.8 Transmutations
 + Level 7.0 Earth Magic


You had 5 spell levels left.
You knew the following spells:

 Your Spells              Type           Power        Failure   Level
a - Sandblast             Erth           ###...       1%          1

Your spell library contained the following spells:

 Spells                   Type           Power        Failure   Level
 Passwall                 Tmut/Erth      ##......     10%         2
 Stone Arrow              Conj/Erth      ##....       22%         3
 Lee's Rapid Deconstruct  Erth           ###.......   43%         5
 Petrify                  Tmut/Erth      ##......     52%         4


Dungeon Overview and Level Annotations

Branches:
Dungeon (2/15)

Altars:


Innate Abilities, Weirdness & Mutations

You are resistant to damage.
You can heal yourself by infusing magical energy.
You passively map a small area around you.
You do not regenerate.


Message History

You swing at nothing.
You feel yourself slow down. The gnoll hits you but does no damage.
You swing at nothing.
The gnoll hits you but does no damage.
You swing at nothing.
The gnoll hits you but does no damage.
You swing at nothing.
The gnoll hits you but does no damage.
You swing at nothing.
The gnoll completely misses you.
You swing at nothing.
The gnoll hits you but does no damage.
You swing at nothing.
Your transformation is almost over.
You recover from your berserk rage.
The gnoll hits you but does no damage.
You swing at nothing.
The gnoll hits you but does no damage.
You swing at nothing.
The gnoll barely misses you.
You swing at nothing.
The gnoll hits you but does no damage.
You swing at nothing.
The gnoll hits you but does no damage.
You swing at nothing.
The gnoll hits you from afar with a +0 spear.
You take 1 damage, and have 53/54 hp.
You swing at nothing.
The gnoll hits you from afar with a +0 spear.
You swing at nothing.
The gnoll hits you from afar with a +0 spear.
You swing at nothing.
You feel less wooden.
Your +1 pair of gloves unmelds from your body.
Your +0 leather armour unmelds from your body.
The gnoll barely misses you.
You now have 35/36 hp.
You swing at nothing.
The gnoll hits you from afar with a +0 spear.
You take 4 damage, and have 31/36 hp.
You swing at nothing.
The gnoll hits you but does no damage. The gnoll misses you.
Things that are here:
a +0 flail; a gnoll corpse
Casting: Sandblast (safe; 2% risk of failure)
Confirm with . or Enter, or press ? or * to list all spells.
Aiming: Sandblast (safe; 2% risk of failure)
Press: ? - help, Shift-Dir - straight line, f/p - gnoll
Aim: a gnoll, wielding a +0 spear The blast of sand hits the gnoll!
The gnoll is almost dead.
b - 4 stones The gnoll hits you with a +0 spear.
You take 1 damage, and have 30/36 hp.
You now have 3/6 mp.
Casting: Sandblast (safe; 2% risk of failure)
Confirm with . or Enter, or press ? or * to list all spells.
Aiming: Sandblast (safe; 2% risk of failure)
Press: ? - help, Shift-Dir - straight line, f/p - gnoll
Aim: a gnoll, wielding a +0 spear (almost dead)
The blast of sand hits the gnoll!
You kill the gnoll!
b - 3 stones You now have 2/6 mp.
Casting: Sandblast (safe; 1% risk of failure)
Confirm with . or Enter, or press ? or * to list all spells.
Aiming: Sandblast (safe; 1% risk of failure)
Press: ? - help, Shift-Dir - straight line, f - gnoll
Aim: a gnoll, wielding a +0 club (severely wounded)
The blast of sand hits the gnoll!
You kill the gnoll!
b - 2 stones You now have 1/6 mp.
Casting: Sandblast (safe; 1% risk of failure)
Confirm with . or Enter, or press ? or * to list all spells.
Aiming: Sandblast (safe; 1% risk of failure)
Press: ? - help, Shift-Dir - straight line, f - worm
Aim: a worm The blast of sand hits the worm!
The worm is almost dead.
b - a stone You now have 0/6 mp.
Casting: Sandblast (safe; 1% risk of failure)
Confirm with . or Enter, or press ? or * to list all spells.
You don't have enough magic to cast that spell.
Unknown command.
You hit the worm.
You kill the worm!
You feel your strength returning.
Your Earth Magic skill increases to level 7!
You now have 106 gold pieces (gained 4).
Items here: ))) †††.
You now have 118 gold pieces (gained 12).
You start to feel less resistant.
Items here: ))) †††.
Things that are here:
a +0 flail; a gnoll corpse Your resistance to elements expires.
A rat comes into view.
A rat is nearby!
The kobold shouts!
You hear a bark!
The kobold throws a stone.
The stone barely misses you.
You see here a stone.
The rat barely misses you.
You hit the rat.
The rat is moderately wounded.
The rat misses you.
You hit the rat.
You kill the rat!
Are you sure you want to abandon this character and quit the game? (Confirm with "yes".)

#.....<........ ,
###.##.#..#.#.# * *,
#.# #..#.#.##* * #.#*
#...K...
#######.##.#..#.#.#
##########
.........#......#.#
#......... ###.###..#
#..(..# #.#####.##
.##.###....###.#.##
#.#####.##
.>....##.#..#..#@##
#.##...... ##.....
.##...#...# #.##.##.##
....... .######...#
#.##.##.## .)..#.##.#
#...# #.........
##.##>. #...#
#......### *#.# #.#,*
#...######.#....# * *
#..........#.#..# ,
#####...#####..#....# *
,
...............##...###


You could see a kobold.

Vanquished Creatures
  4 gnolls (D:2)
  An adder (D:2)
  An ooze (D:1)
  3 worms (D:2)
  A dart slug (D:1)
  3 goblins
  5 hobgoblins
  4 jackals (D:2)
  A bat (D:1)
  A frilled lizard (D:2)
  4 kobolds
  10 rats
38 creatures vanquished.

Notes
Turn   | Place    | Note
-------+----------+-------------------------------------------
     0 | D:1      | Irenicus the Deep Dwarf Earth Elementalist began the quest
                  | for the Orb.
     0 | D:1      | Reached XP level 1. HP: 15/15 MP: 3/3
   189 | D:1      | Reached XP level 2. HP: 19/22 MP: 1/4
   211 | D:1      | You fall into a shaft and drop 1 floor!
   244 | D:1      | Reached skill level 5 in Earth Magic
   775 | D:2      | Reached XP level 3. HP: 22/28 MP: 3/5
   862 | D:2      | Reached skill level 6 in Earth Magic
   925 | D:2      | Reached XP level 4. HP: 24/36 MP: 0/6
   979 | D:2      | Reached skill level 7 in Earth Magic
  1021 | D:2      | Quit the game

Illustrated notes

Levels and vault maps discovered:
D:1:      saegor_arrival_simple_a, layout_loops_ring
D:2:      layout_loops_cross

Skill      XL: |  1  2  3  4 |
---------------+-------------+-----
Earth Magic    | 5 6 7 |  7.0
Dodging        | |  2.1
Stealth        | |  2.4
Spellcasting   | |  1.7
Transmutations | |  0.8

Action                   |  1- 3 |  4- 6 || total
-------------------------+-------+-------++-------
Melee: Dagger            |    51 |     3 ||    54
 Cast: Sandblast         |    45 |     6 ||    51
  Use: Potion            |       |     7 ||     7
 Stab: Sleeping          |     1 |       ||     1
Armor: Leather armour    |    23 |       ||    23
       Robe              |     2 |       ||     2
       Skin              |       |    35 ||    35
Dodge: Dodged            |    37 |     8 ||    45

Table legend: (Time is in decaauts)
 A = Elapsed time spent in this place.
 B = Non-inter-level travel time spent in this place.
 C = Inter-level travel time spent in this place.
 D = Time resting spent in this place.
 E = Time spent auto-exploring this place.
 F = Levels seen in this place.
 G = Mean time per level.
                   A        B        C        D        E       F      G
               +--------+--------+--------+--------+--------+-----+--------+
         Total |   1017 |    992 |     25 |      0 |    102 |   2 |  508.5 |
       Dungeon |   1017 |    992 |     25 |      0 |    102 |   2 |  508.5 |
               +--------+--------+--------+--------+--------+-----+--------+

Top non-repeatable levels by time:
     D:1: 523 daAuts
     D:2: 494 daAuts

Table legend:
 A = Kills in this place as a percentage of kills in entire the game.
 B = Kills by you in this place as a percentage of kills by you in the entire game.
 C = Kills by friends in this place as a percentage of kills by friends in the entire game.
 D = Other kills in this place as a percentage of other kills in the entire game.
 E = Experience gained in this place as a percentage of experience gained in the entire game.
 F = Experience gained in this place divided by the number of levels of this place that you have seen.
                   A       B       C       D       E      F
               +-------+-------+-------+-------+-------+----------------------
         Total | 100.0 | 100.0 |   N/A |   N/A | 100.0 |  69.0
       Dungeon | 100.0 | 100.0 |   N/A |   N/A | 100.0 |  69.0
               +-------+-------+-------+-------+-------+----------------------
